 Dungeon Crawl Stone Soup version 0.22-a0-271-gc000056 (webtiles) character file.

437140 Serpenta the Unseen (level 24, -9/131 HPs)
             Began as a Vine Stalker Enchanter on Mar 11, 2018.
             Was the Champion of Ashenzari.
             Mangled by a caustic shrike (20 damage)
             ... on level 4 of the Depths.
             The game lasted 03:23:18 (55955 turns).

Serpenta the Unseen (Vine Stalker Enchanter)       Turns: 55955, Time: 03:23:19

Health: -9/131     AC:  8    Str: 14    XL:     24   Next: 31%
Magic:  0/42       EV: 33    Int: 21    God:    Ashenzari [******]
Gold:   2357       SH: 16    Dex: 28    Spells: 12/51 levels left

rFire    + + .     SeeInvis +   a - +7 rapier (speed) (curse)
rCold    + . .     Gourm    .   Z - +1 shield {reflect} (curse)
rNeg     + . .     Faith    .   P - +2 robe {rF+} (curse)
rPois    +         Spirit   +   R - -2 hat of the Alchemist {rElec rPois rF+ rC+ rN+ MR+ rMut rCorr} (curse)
rElec    +         Reflect  +   q - +2 cloak {MR+} (curse)
rCorr    +         Harm     .   W - +3 pair of gauntlets of War {Slay+5} (curse)
rMut     +         Clarity  +   N - +2 pair of boots (curse)
MR       +++++                  M - amulet "Jeaddi Coit" {RegenMP Slay+6} (curse)
Stlth    +++++++++.             m - +4 ring of dexterity
HPRegen  1.11/turn              j - ring of Scepticism {+Fly rPois Int+2 Dex+4} (curse)
MPRegen  0.53/turn

@: about to teleport, corroded, very slightly contaminated, studying Stealth
A: fangs 3, regeneration 2, magic shield, antimagic bite, no potion heal 3, rot
immunity
}: 1/15 runes: barnacled
a: Curse Item, Scrying, Transfer Knowledge, Renounce Religion, Evoke Flight


You were on level 4 of the Depths.
You worshipped Ashenzari.
Ashenzari was exalted by your worship.
You were not hungry.

You visited 9 branches of the dungeon, and saw 42 of its levels.
You also visited: Labyrinth and Ice Cave.

You collected 4518 gold pieces.
You spent 2161 gold pieces at shops.


Innate Abilities, Weirdness & Mutations

You have razor-sharp teeth.
You heal very quickly.
When hurt, damage is shared between your health and your magic reserves.
Your bite disrupts and absorbs the magic of your enemies.
Potions cannot restore your health.
You are immune to rotting.


   Skills:
 - Level 15.0 Fighting
 - Level 10.0(14.2) Short Blades
 + Level 15.5(19.5) Dodging
 - Level 17.6(21.3) Stealth
 - Level 12.3(15.0) Shields
 + Level 14.4 Spellcasting
 - Level 16.0(18.5) Hexes
 - Level 3.1(5.7) Translocations
 + Level 14.2(16.8) Air Magic
 - Level 12.0(14.6) Earth Magic


You had 12 spell levels left.
You knew the following spells:

 Your Spells              Type           Power        Failure   Level  Hunger
a - Apportation           Tloc           #####.       1%          1    None
b - Blink                 Tloc           N/A          1%          2    None
i - Invisibility          Hex            #######.     1%          6    #####..
m - Deflect Missiles      Chrm/Air       ######....   19%         6    #####..
A - Passwall              Tmut/Erth      #####.....   1%          2    None
B - Ensorcelled Hibernat  Hex/Ice        ######       1%          2    None
C - Confuse               Hex            #######.     0%          3    None
D - Tukima's Dance        Hex            #######.     0%          3    None
E - Silence               Hex/Air        ######....   1%          5    ###....
F - Tornado               Air            ######....   96%         9    #######

Action                   |  1- 3 |  4- 6 |  7- 9 | 10-12 | 13-15 | 16-18 | 19-21 | 22-24 || total
-------------------------+-------+-------+-------+-------+-------+-------+-------+-------++-------
Melee: Dagger            |   104 |   183 |   318 |   262 |  1009 |   856 |   380 |       ||  3112
       Bite              |     9 |    36 |    89 |    88 |   257 |   284 |   296 |   418 ||  1477
       Rapier            |       |       |       |       |    18 |       |   429 |   846 ||  1293
Throw: Tomahawk          |       |     1 |     5 |     7 |     7 |     7 |     4 |       ||    31
       Javelin           |       |       |       |       |       |       |     7 |    11 ||    18
 Cast: Corona            |     4 |     1 |       |       |       |       |       |       ||     5
       Ensorcelled Hiber |    17 |    40 |    77 |   123 |   302 |    96 |    67 |    52 ||   774
       Confuse           |       |     4 |    23 |    35 |   109 |    56 |    62 |    29 ||   318
       Tukima's Dance    |       |       |     5 |     4 |       |     9 |    13 |    15 ||    46
       Passwall          |       |       |       |       |    21 |    21 |    30 |    12 ||    84
       Invisibility      |       |       |       |       |    23 |    34 |    30 |    17 ||   104
       Silence           |       |       |       |       |       |     8 |    19 |     1 ||    28
       Blink             |       |       |       |       |       |       |     2 |       ||     2
Invok: Curse Item        |       |       |       |       |     4 |     2 |     6 |     1 ||    13
       Scrying           |       |       |       |       |       |       |     1 |       ||     1
 Abil: Evoke Flight      |       |       |       |       |       |       |       |     3 ||     3
Evoke: Wand              |       |       |       |     5 |     4 |       |       |       ||     9
       Box of beasts     |       |       |       |       |     1 |       |       |       ||     1
       Fan of gales      |       |       |       |       |       |       |       |     1 ||     1
  Use: Scroll            |       |     3 |     6 |     7 |    11 |     4 |    11 |    10 ||    52
       Potion            |       |     1 |     3 |     5 |     2 |     6 |     4 |       ||    21
 Stab: Sleeping          |    17 |    26 |    45 |    82 |   237 |   143 |   192 |    74 ||   816
       Confused          |       |     2 |    12 |    21 |    52 |    26 |    30 |    15 ||   158
       Invisible         |       |       |       |     7 |    81 |   147 |    71 |   113 ||   419
       Paralysed         |       |       |       |     1 |     1 |       |       |       ||     2
       Distracted        |       |       |       |       |     1 |     1 |     2 |     5 ||     9
  Eat: Chunk             |     6 |     7 |    11 |    15 |    30 |    62 |    38 |    19 ||   188
       Ration            |       |     2 |     2 |     3 |     8 |     4 |     1 |     3 ||    23
Armor: Robe              |    27 |    44 |    32 |     1 |    22 |    54 |    23 |    26 ||   229
       Steam dragon scal |       |       |       |    29 |    75 |       |       |       ||   104
Dodge: Dodged            |    53 |   121 |    93 |   109 |   618 |   657 |   297 |   310 ||  2258
Block: Buckler           |       |     5 |    52 |    43 |   201 |   170 |    50 |       ||   521
       Shield            |       |       |       |       |       |       |    87 |   317 ||   404
       Reflection        |       |       |       |       |       |       |     7 |    32 ||    39

Inventory:

Hand Weapons
 a - a cursed +7 rapier of speed (weapon)
Missiles
 c - 38 javelins of returning (quivered)
 C - 9 throwing nets
Armour
 q - a cursed +2 cloak of magic resistance (worn)
 N - a cursed +2 pair of boots (worn)
 P - a cursed +2 robe of fire resistance (worn)
 R - the cursed -2 hat of the Alchemist (worn) {rElec rPois rF+ rC+ rN+ MR+ rMut rCorr}
   (You found it on level 3 of the Elven Halls)

   It protects you from fire.
   It protects you from cold.
   It insulates you from electricity.
   It protects you from poison.
   It protects you from negative energy.
   It affects your resistance to hostile enchantments.
   It protects you from acid and corrosion.
   It protects you from mutation.
   It has a curse placed upon it.
 W - the cursed +3 pair of gauntlets of War (worn) {Slay+5}
   (You found it in an ice cave)

   It affects your accuracy and damage with ranged weapons and melee attacks
   (+5).
   It has a curse placed upon it.
 Z - a cursed +1 shield of reflection (worn)
Jewellery
 j - the cursed ring of Scepticism (right hand) {+Fly rPois Int+2 Dex+4}
   (You found it on level 3 of the Shoals)

   [ring of flight]

   It affects your intelligence (+2).
   It affects your dexterity (+4).
   It protects you from poison.
   It lets you fly.
   It has a curse placed upon it.
 m - a +4 ring of dexterity (left hand)
 r - an uncursed ring of positive energy
 G - the ring of the Devil {rPois Str+6 Int+7 Slay-2}
   (You took it off a frost giant on level 2 of the Depths)

   [ring of poison resistance]

   It affects your strength (+6).
   It affects your intelligence (+7).
   It affects your accuracy and damage with ranged weapons and melee attacks
   (-2).
   It protects you from poison.
 M - the cursed amulet "Jeaddi Coit" (around neck) {RegenMP Slay+6}
   (You bought it in a shop on level 4 of the Vaults)

   [amulet of magic regeneration]

   It increases your magic regeneration.
   It affects your accuracy and damage with ranged weapons and melee attacks
   (+6).
   It has a curse placed upon it.
 O - the ring of Pamal {rElec rPois rF++ Slay-2}
   (You found it on level 3 of the Shoals)

   [ring of poison resistance]

   It affects your accuracy and damage with ranged weapons and melee attacks
   (-2).
   It greatly protects you from fire.
   It insulates you from electricity.
   It protects you from poison.
Wands
 b - a wand of scattershot (4)
 D - a wand of acid (28)
 E - a wand of clouds (4)
 F - a wand of iceblast (13)
 S - a wand of digging (42)
Scrolls
 g - a scroll of fog
 h - 7 scrolls of enchant armour
 s - 7 scrolls of magic mapping
 v - a scroll of amnesia
 w - 2 scrolls of brand weapon
 x - 2 scrolls of remove curse
 A - 17 scrolls of teleportation
 J - 24 scrolls of identify
 Y - a scroll of holy word
Potions
 e - 5 potions of cancellation
 f - 5 potions of magic
 i - 6 potions of ambrosia
 k - 2 potions of berserk rage
 l - 3 potions of flight
 n - 4 potions of might
 p - 8 potions of brilliance
 t - 16 potions of curing
 B - 3 potions of mutation
 H - 4 potions of agility
 U - 2 potions of resistance
 V - 2 potions of invisibility
 X - 3 potions of haste
Books
 o - a manual of Stealth
Miscellaneous
 u - a fan of gales (inert)
 K - a phial of floods
 L - a lightning rod (4/4)
Comestibles
 d - 51 rations

#..(.#.# #.#..## #
###....#.###.#.... # #####
#......#.......#.. # #...######
#.<....#.#####.#..
#####........###..............###
.................................
.)...............................
.)((...........b.................
..)(...........b@............)...
...(((....(......................
.................................
.................................
.................................
.................................
....######...##..................
....# #...##..................
############.###.............#.).


You could see 2 caustic shrikes.

Vanquished Creatures
  Xtahua (Vaults:4)
  6 caustic shrikes
  A golden dragon (Depths:2)
  Nikola (Elf:1)
  4 liches
  A tentacled monstrosity (Depths:2)
  The ghost of RoseArtemis the Hoplite, an adept MiFi of Okawaru (Shoals:4)
  2 deep elf blademasters (Elf:3)
  A titan (Depths:2)
  A deep elf master archer (Elf:3)
  5 sphinxes
  Polyphemus (Shoals:2)
  The ghost of Fingolfin the Victor of a Thousand Battles, an adept FoFi of Okawaru (Elf:2)
  A tengu reaver (Vaults:3)
  A storm dragon (Depths:2)
  A shadow dragon (Vaults:4)
  Ilsuiw (Shoals:4)
  9 fire giants
  7 deep elf sorcerers
  Louise (Shoals:3)
  10 frost giants
  10 vault wardens
  2 orc warlords (Orc:2)
  3 deep elf elementalists (Elf:3)
  Aizul (Vaults:4)
  17 very ugly things
  A war gargoyle (Vaults:3)
  23 stone giants
  9 ironheart preservers
  10 deep elf annihilators (Elf:3)
  7 deep elf demonologists
  2 dire elephants (Depths:3)
  A minotaur (Lab)
  11 spark wasps (Depths:2)
  6 merfolk javelineers
  Snorg (Lair:5)
  5 ettins
  4 deep elf death magi
  A green death (Depths:3)
  4 merfolk impalers
  11 crystal guardians (Depths:4)
  6 fire dragons
  5 deep elf high priests (Elf:3)
  9 yaktaur captains
  4 great orbs of eyes
  10 vault guards
  Josephine (D:10)
  A rakshasa (Vaults:2)
  A naga warrior (Snake:2)
  A spriggan air mage (Depths:2)
  Erolcha (D:13)
  6 hydras
  11 ice dragons
  6 catoblepae
  6 centaur warriors
  2 hell beasts (Depths:3)
  7 merfolk aquamancers
  2 death knights
  2 merfolk avatars (Shoals:4)
  67 two-headed ogres
  33 dancing weapons
  3 anacondas
  8 death yaks
  2 satyrs
  15 ogre magi
  A spriggan berserker (Depths:4)
  8 deep troll shamans
  6 tengu warriors
  A vampire mage (Depths:2)
  5 deep troll earth magi
  Sonja (Lair:3)
  3 orc high priests
  12 deep elf knights
  A naga sharpshooter (Snake:1)
  A hell knight (Vaults:4)
  2 soul eaters
  7 skeletal warriors
  A salamander mystic (Snake:2)
  4 large abominations (Depths:4)
  A shadow wraith (Vaults:3)
  6 iron trolls (Depths:2)
  31 deep trolls
  9 sea snakes
  3 unseen horrors
  A glowing orange brain (Depths:3)
  5 deep elf archers
  4 flayed ghosts
  4 wizards
  11 orc knights
  A swamp dragon (shapeshifter) (Vaults:1)
  An orange crystal statue (Depths:4)
  2 spriggan druids (Depths:3)
  3 lindwurms
  16 harpies
  Pikel (D:8)
  2 phantasmal warriors (Vaults:4)
  4 necromancers
  An orb spider (shapeshifter) (Depths:1)
  5 ironbrand convokers
  42 ugly things
  56 deep elf magi
  A wolf spider (shapeshifter) (Depths:3)
  A mana viper (Snake:1)
  3 wolf spiders
  7 orc sorcerers
  5 salamanders
  A salamander (shapeshifter) (Depths:1)
  A stone giant skeleton (Vaults:1)
  4 cyclopes
  19 manticores
  9 black mambas
  4 centaur zombies
  3 elephants (Lair:4)
  22 fauns
  3 stone giant zombies
  7 merfolk sirens
  Psyche (D:10)
  Maurice (D:13)
  4 naga magi (Snake:1)
  3 ice statues (IceCv)
  4 water nymphs
  A black mamba (shapeshifter) (Depths:2)
  10 spiny frogs
  A torpor snail (Lair:3)
  12 vault sentinels
  A smoke demon (Depths:3)
  6 freezing wraiths
  63 yaktaurs
  2 rime drakes
  9 komodo dragons
  2 komodo dragons (shapeshifter)
  9 ice devils (IceCv)
  4 tengu conjurers
  A jumping spider (shapeshifter) (Vaults:3)
  6 trolls
  2 human skeletons (Vaults:1)
  9 wind drakes
  A troll (shapeshifter) (Depths:4)
  A merfolk (shapeshifter) (Elf:2)
  21 merfolk
  The ghost of nono the Changer, a novice VSTm (D:5)
  A polar bear (Lair:5)
  3 hornets (Depths:3)
  A blink frog (shapeshifter) (Depths:2)
  28 slime creatures
  11 hippogriffs
  A raiju (shapeshifter) (Vaults:1)
  8 blink frogs
  8 small abominations (Depths:4)
  7 dream sheep
  A hippogriff (shapeshifter) (D:13)
  13 snapping turtles
  2 redbacks (Lab)
  A deep troll skeleton (D:15)
  5 air elementals
  2 spriggans (Depths:3)
  A shadow (Lab)
  An ettin skeleton (D:15)
  12 wraiths
  79 yaks
  18 water elementals
  2 wyverns
  7 fire elementals
  7 basilisks
  14 fire bats (Lair:1)
  A golden eye (shapeshifter) (Vaults:2)
  A hog (shapeshifter) (Elf:1)
  Grum (D:8)
  2 chaos spawn (Depths:4)
  A neqoxec (Depths:3)
  5 hungry ghosts
  Menkaure (D:4)
  11 wargs
  A steam dragon (D:9)
  2 vampire mosquitoes (Lair:1)
  An acid dragon (D:13)
  4 insubstantial wisps
  10 nagas
  2 hell hounds (Depths:3)
  12 water moccasins
  13 porcupines
  Duvessa (D:7)
  4 ice beasts
  An ice beast (shapeshifter) (Vaults:2)
  A slave (D:7)
  An eye of draining (D:8)
  43 orc warriors
  2 black bears
  2 necrophages
  A sky beast (D:5)
  10 boggarts (Vaults:1)
  A phantom (D:8)
  14 wolves
  41 ogres
  22 centaurs
  16 crocodiles
  4 big kobolds
  4 earth elementals
  14 bullfrogs
  A wyvern zombie (D:10)
  Dowan (D:7)
  5 scorpions
  9 wights
  12 killer bees
  An elf simulacrum (Vaults:3)
  8 howler monkeys
  4 bullfrog zombies
  17 crimson imps
  A centaur skeleton (D:4)
  A draconian simulacrum (IceCv)
  8 jellies
  15 orc priests
  7 hounds
  26 orc wizards
  An iron imp (D:14)
  A bullfrog skeleton (D:4)
  4 iguanas
  7 worker ants
  A spriggan simulacrum (IceCv)
  3 troll simulacra (IceCv)
  A centaur simulacrum (IceCv)
  A hound skeleton (D:6)
  A worker ant zombie (D:5)
  7 gnolls
  10 adders
  2 naga simulacra (IceCv)
  2 ogre simulacra (IceCv)
  5 shadow imps
  4 white imps
  2 oozes
  An adder zombie (D:9)
  2 adder skeletons
  2 worms
  10 leopard geckos
  88 orcs
  8 bats
  5 giant cockroaches
  5 hobgoblins
  12 jackals
  31 kobolds
  5 quokkas
  A ball python (D:1)
  6 frilled lizards
  6 goblins
  3 leopard gecko skeletons
  10 rats
  A butterfly (Lair:3)
  2 plants
1771 creatures vanquished.

Vanquished Creatures (collateral kills)
  A tengu reaver (Depths:2)
  Donald (Shoals:1)
  A frost giant (Vaults:4)
  A cyclops (shapeshifter) (Vaults:4)
  A vault sentinel (Vaults:4)
  An ogre (Vaults:4)
  A gnoll (D:7)
7 creatures vanquished.

Vanquished Creatures (others)
  A merfolk javelineer (Shoals:3)
  A deep troll earth mage (Depths:3)
  An orc sorcerer (Orc:2)
  A deep elf mage (D:15)
  3 fauns (Shoals:3)
  A water nymph (Shoals:3)
  6 yaktaurs
  A merfolk (Shoals:4)
  4 dancing weapons
  A basilisk (D:15)
  An orc warrior (Orc:2)
  3 slaves (D:8)
  4 centaurs
  A scorpion (D:13)
  An orc wizard (D:15)
  A leopard gecko (D:8)
  6 orcs
  3 bushes (Depths:3)
  31 fungi
  39 plants
  A withered plant (D:15)
111 creatures vanquished.

Grand Total: 1889 creatures vanquished

Vault maps used:
D:1:      elethiomel_arrival_quiet, minmay_fountain_box
D:3:      first_ration
D:4:      grunt_temple_overflow_gold_and_silver,
          grunt_temple_overflow_champion_of_chaos, evilmike_ruin_ashenzari,
          temple_statues, fedhas_altar_2, uniq_menkaure
D:5:      minmay_joined_circles
D:6:      minitemple, minmay_misc_feat_diagonals
D:7:      uniq_duvessa
D:8:      nicolae_overflow_quartered_altars, grunt_lair_entry_orc_guard_hut,
          uniq_pikel, uniq_grum
D:9:      lemuel_blue_sif_altar, serial_shops, shop
D:10:     orc_0_dummy, serial_shops, kennysheep_little_box, hangedman_fish_farm,
          grunt_dithmenos_smoke_and_mirrors, uniq_josephine, uniq_psyche
D:11:     minmay_nine_imps
D:13:     uniq_rupert, uniq_maurice, uniq_erolcha
D:14:     kennysheep_demon_hangout, david_vaults_5,
          portal_ice_cave_entry_pillars_1
D:15:     gammafunk_depths_entry_grave, okawaru_ov_weapons_minmay,
          elves_outpost_lemuel
Temple:   kb_temple_of_zot
Lair:1:   pond, grunt_megastairs_1
Lair:2:   beast_lair_carwin_5
Lair:3:   lab_entry_generic, grunt_megastairs_3, lemuel_fruit_tree,
          lemuel_fruit_fields, infiniplex_staircase_pool, uniq_sonja
Lair:4:   elwin_shoals_entry_rocks, minmay_snake_entry_guardpost_small
Lair:5:   grunt_megastairs_2, uniq_snorg
Lair:6:   evilmike_catoblepas_cave, minmay_slime_entry_oklob_open
Shoals:1: argonaut_gorgonesque, uniq_donald, uniq_roxanne
Shoals:2: uniq_polyphemus
Shoals:3: uniq_louise
Shoals:4: shoals_end_grunt_ice, shoals_ilsuiw_alternative
Snake:1:  serial_bayou_shore_b
Snake:2:  basic_stair_grate_trap, uniq_azrael
Orc:2:    grunt_orc_gardens, grunt_orc_garden, grunt_orc_garden,
          grunt_orc_garden, grunt_orc_garden
Elf:1:    kennysheep_ambush_hall, hangedman_corner_corridor, uniq_nikola
Elf:2:    basic_altar, nicolae_elf_big_sculpture_2, basic_stair_grate_trap,
          minmay_shop_grove
Elf:3:    minmay_elf_hall_furrowed, st_stairs_9, minmay_misc_feat_pillars
Vaults:1: v_pattern_5, nicolae_vaults_triangles,
          nicolae_vaults_little_squares_4, vaults_room_grunt_arrival_checkpoint,
          vaults_standard_mumra_lines, ontoclasm_vaults_fault, vaults_dpeg_ring,
          v_misc_24, v_misc_14, nicolae_vaults_diagonal_hallway_7, v_misc_18,
          v_misc_3, vaults_dpeg_encased_lava, nicolae_vaults_little_squares_2
Vaults:2: serial_ice_g, v_alt_pattern_5, nicolae_vaults_little_squares_2,
          v_misc_17, ontoclasm_vaults_ring_square,
          nicolae_vaults_little_squares_5, ontoclasm_vaults_ligature,
          hangedman_vaults_nails
Vaults:3: hangedman_vaults_cutoff, v_misc_27, st_more_cells, v_misc_11,
          hangedman_vaults_stagger, vaults_mumra_chevron, v_misc_22,
          grunt_vaults_swirl, hangedman_vaults_nails
Vaults:4: hangedman_vaults_nails, nicolae_vaults_lopsided_apartments,
          vaults_room_pool, ontoclasm_vaults_ring_small,
          nicolae_vaults_three_branches, vaults_dpeg_cross, vaults_dpeg_hooks,
          serial_shops, nicolae_shop_trees, uniq_xtahua, uniq_aizul
Depths:1: serial_sigils_hangedman_snap, grunt_hell_entry_dis_mu, tso_altar,
          grunt_megastairs_5
Depths:2: grunt_runaround, abyss_entry, hell_entry
Depths:3: hangedman_hanging_gardens, rand_demon_pan_entry_5, hell_entry,
          minmay_misc_feat_alley, serial_shops, shop,
          small_chamber_with_monster, infiniplex_staircase_zigzag_2
Depths:4: minmay_crystal_thing, minmay_room_of_horrors,
          pf_vacation_house_of_asmodeus, minmay_misc_feat_encased,
          kennysheep_island_fort, infiniplex_staircase_zigzag_1
Depths:5: grunt_zot_entry_tricorne, hangedman_abyss_or_decor_lesser_grid,
          hangedman_coc_ice_floe, st_stairs_9, serial_bayou_pond_e,
          stair_cage_line
Lab:      labyrinth_hidden_loot, nicolae_lab_statue, nicolae_lab_arrow,
          nicolae_lab_garden
IceCv:    ice_cave_tombish


Message History

The vampire knight points at you and mumbles some strange words.
You resist with almost no effort.
The ice dragon roars deafeningly!
You hear a shout!
You climb upwards.
There is a stone staircase leading down here.
Unknown command.
Unknown command.
Okay, then.
Okay, then.
Evoke which item? (* to show all) (? for menu, Esc to quit)
A fierce wind blows from the fan.
The caustic shrikes are blown away by the wind.
As you read the scroll of teleportation, it crumbles to dust.
You feel strangely unstable. The caustic shrike claws you.
* * * LOW HITPOINT WARNING * * *
The acid corrodes you!
You are splashed with acid!
The acid burns!
You resist.
* * * LOW HITPOINT WARNING * * *
You block the caustic shrike's attack. The caustic shrike misses you.
The caustic shrike claws you!!
You die...

Notes
Turn   | Place    | Note
-------+----------+-------------------------------------------
     0 | D:1      | Serpenta the Vine Stalker Enchanter began the quest for the Orb.
     0 | D:1      | Reached XP level 1. HP: 9/9 MP: 4/4
    83 | D:1      | Reached skill level 1 in Short Blades
   323 | D:1      | Reached XP level 2. HP: 13/13 MP: 6/6
   612 | D:1      | Learned a level 2 spell: Ensorcelled Hibernation
  1272 | D:1      | Reached skill level 4 in Stealth
  1374 | D:2      | Reached XP level 3. HP: 16/16 MP: 7/7
  2273 | D:3      | Gained mutation: Your natural rate of healing is unusually fast. [Vine Stalker growth]
  2273 | D:3      | Reached XP level 4. HP: 20/21 MP: 5/8
  2321 | D:3      | Learned a level 3 spell: Confuse
  2671 | D:3      | Reached XP level 5. HP: 24/24 MP: 9/9
  3418 | D:4      | Found a shattered altar of Ashenzari.
  3424 | D:4      | Became a worshipper of Ashenzari the Shackled
  3436 | D:4      | Reached XP level 6. HP: 28/28 MP: 10/10
  3449 | D:4      | Found a staircase to the Ecumenical Temple.
  3469 | Temple   | Entered the Ecumenical Temple
  3642 | D:4      | Reached skill level 1 in Shields
  3774 | D:4      | Found a blossoming altar of Fedhas.
  3975 | D:4      | Noticed Menkaure
  4106 | D:3      | Learned a level 3 spell: Tukima's Dance
  4628 | D:5      | Entered Level 5 of the Dungeon
  4632 | D:5      | Reached XP level 7. HP: 25/32 MP: 0/11
  4765 | D:4      | Reached skill level 5 in Stealth
  5053 | D:5      | Reached skill level 5 in Hexes
  5103 | D:5      | Noticed nono's ghost (novice VSTm)
  5554 | D:5      | Gained mutation: You have razor-sharp teeth. [Vine Stalker growth]
  5554 | D:5      | Reached XP level 8. HP: 36/36 MP: 12/12
  5777 | D:6      | Reached * piety under Ashenzari
  6460 | D:6      | Reached skill level 6 in Stealth
  6608 | D:6      | Reached skill level 5 in Short Blades
  6729 | D:6      | Found a hide-covered altar of Uskayaw.
  6730 | D:6      | Found an iron altar of Okawaru.
  6730 | D:6      | Found a sacrificial altar of Ru.
  6928 | D:7      | Noticed Dowan
  7123 | D:7      | Noticed Duvessa
  7163 | D:7      | Killed Duvessa
  7163 | D:7      | Reached XP level 9. HP: 39/39 MP: 14/14
  7208 | D:7      | Reached ** piety under Ashenzari
  7515 | D:7      | Killed Dowan
  7603 | D:7      | Reached skill level 7 in Stealth
  8235 | D:8      | Noticed Pikel
  8592 | D:8      | Found an ancient bone altar of Kikubaaqudgha.
  8592 | D:8      | Found a bloodstained altar of Trog.
  8592 | D:8      | Found a shadowy altar of Dithmenos.
  8602 | D:8      | Noticed a two-headed ogre
  8806 | D:8      | Killed Pikel
  8910 | D:8      | Reached skill level 8 in Stealth
  8919 | D:8      | Reached XP level 10. HP: 35/44 MP: 10/17
  8929 | D:8      | Found a staircase to the Lair.
  9096 | D:9      | Found a deep blue altar of Sif Muna.
  9528 | D:9      | Noticed a two-headed ogre
  9533 | D:9      | Killed a two-headed ogre
  9533 | D:9      | Reached skill level 5 in Spellcasting
 10197 | D:9      | Found Yghuaxer's Weapon Shoppe.
 10612 | D:8      | Found a basalt altar of Yredelemnul.
 10712 | D:10     | Entered Level 10 of the Dungeon
 10712 | D:10     | Noticed Psyche
 10712 | D:10     | Noticed a two-headed ogre
 10761 | D:10     | Noticed a two-headed ogre
 10826 | D:10     | Noticed a two-headed ogre
 10841 | D:9      | Reached skill level 9 in Stealth
 11004 | D:8      | Killed a two-headed ogre
 11059 | Lair:1   | Entered Level 1 of the Lair of Beasts
 11127 | Lair:1   | Reached XP level 11. HP: 47/47 MP: 17/20
 11231 | Lair:1   | Reached skill level 10 in Hexes
 11892 | Lair:2   | Noticed a four-headed hydra
 11893 | Lair:2   | Reached skill level 10 in Stealth
 12257 | Lair:2   | Reached *** piety under Ashenzari
 12281 | Lair:2   | Reached skill level 5 in Dodging
 12515 | Lair:2   | Killed a four-headed hydra
 12739 | Lair:2   | Reached skill level 11 in Stealth
 12799 | Lair:2   | Gained mutation: You heal very quickly. [Vine Stalker growth]
 12799 | Lair:2   | Reached XP level 12. HP: 45/51 MP: 10/22
 13484 | Lair:3   | Found a labyrinth entrance.
 13519 | Lab      | Entered a labyrinth
 14041 | Lab      | Noticed a minotaur
 14042 | Lab      | Identified the cursed -4 buckler of Vetiab {*Slow +Blink MR+ Str+2}
 14050 | Lab      | Killed a minotaur
 14069 | Lab      | Identified the amulet "Rekimul" {Acrobat rF- rN+ Str+2 Dex+4}
 14070 | Lab      | so much trash
 14070 | Lab      | fuck you crawl
 14141 | Lair:3   | Noticed a death yak
 14233 | Lair:3   | Noticed Sonja
 14241 | Lair:3   | Killed Sonja
 14520 | Lair:3   | Reached skill level 12 in Stealth
 14527 | Lair:3   | Noticed a four-headed hydra
 14590 | Lair:3   | Killed a four-headed hydra
 14826 | Lair:4   | Noticed a four-headed hydra
 14827 | Lair:4   | Killed a four-headed hydra
 14834 | Lair:4   | Reached **** piety under Ashenzari
 14857 | Lair:4   | Found a staircase to the Shoals.
 15096 | Lair:4   | Found a staircase to the Snake Pit.
 15215 | Lair:4   | Reached XP level 13. HP: 55/55 MP: 7/23
 15386 | Lair:4   | Reached skill level 1 in Fighting
 16359 | Lair:5   | Reached skill level 10 in Dodging
 16399 | Lair:5   | Noticed Snorg
 16404 | Lair:5   | Killed Snorg
 17101 | Lair:6   | Entered Level 6 of the Lair of Beasts
 17575 | Lair:6   | Reached ***** piety under Ashenzari
 17906 | Lair:6   | Reached skill level 5 in Fighting
 18406 | Lair:6   | Reached XP level 14. HP: 68/68 MP: 24/24
 18466 | Lair:6   | Found a staircase to the Slime Pits.
 19205 | D:4      | Found a glowing silver altar of Zin.
 19206 | D:4      | Found an opulent altar of Gozag.
 19347 | D:4      | Killed Menkaure
 19422 | D:4      | Found a shimmering altar of Xom.
 19423 | D:4      | Found a burning altar of Makhleb.
 19512 | D:5      | Killed nono's ghost
 19733 | D:8      | Noticed Grum
 19776 | D:8      | Killed Grum
 20390 | D:10     | Found a shadowy altar of Dithmenos.
 20461 | D:10     | Found a staircase to the Orcish Mines.
 20812 | D:10     | Found Doipn's Book Shop.
 20821 | D:10     | Bought a book of Burglary for 900 gold pieces
 20828 | D:10     | Learned a level 6 spell: Invisibility
 20831 | D:10     | Learned a level 2 spell: Passwall
 20942 | D:10     | Noticed Josephine
 20951 | D:10     | Killed Josephine
 21161 | D:10     | Killed Psyche
 22874 | D:13     | Noticed Maurice
 22879 | D:13     | Killed Maurice
 23083 | D:13     | Noticed Rupert
 23084 | D:13     | Paralysed by Rupert for 5 turns
 23258 | D:13     | Noticed Erolcha
 23275 | D:13     | Killed Erolcha
 23355 | D:13     | Identified the Handbook of the Burning Snowflakes
 23703 | D:14     | Found a frozen archway.
 23711 | IceCv    | Entered an ice cave
 23750 | IceCv    | Reached XP level 15. HP: 76/76 MP: 25/25
 24271 | IceCv    | Reached skill level 10 in Short Blades
 24438 | IceCv    | Found the +3 pair of gauntlets of War {Slay+5}
 24474 | IceCv    | Identified the +5 long sword of Subterfuge {chaos, rElec MR++ Int-4 Dex+3} (You found it in an ice cave)
 24476 | IceCv    | Identified the +3 ring mail of Lies {Regen+ rCorr}
 25403 | D:14     | Reached skill level 1 in Earth Magic
 25686 | D:14     | Found a gate to the Vaults.
 26525 | D:15     | Entered Level 15 of the Dungeon
 26584 | D:15     | Reached skill level 5 in Earth Magic
 26883 | D:15     | Found a staircase to the Depths.
 27163 | Orc:1    | Entered Level 1 of the Orcish Mines
 27629 | Orc:2    | Entered Level 2 of the Orcish Mines
 27629 | Orc:2    | Found a staircase to the Elven Halls.
 27668 | Orc:2    | Found Hiufrohe's General Store.
 27882 | Orc:2    | Noticed an orc warlord
 27971 | Orc:2    | Noticed an orc warlord
 27990 | Orc:2    | Killed an orc warlord
 27990 | Orc:2    | Reached XP level 16. HP: 67/81 MP: 16/26
 28002 | Orc:2    | Reached skill level 15 in Hexes
 28704 | Orc:2    | Found Jauxe's Antique Weapon Shop.
 28717 | Orc:2    | Found Sexzoa's Antique Armour Emporium.
 28742 | Orc:2    | Bought a faintly humming buckler for 266 gold pieces
 28742 | Orc:2    | Identified the cursed +0 buckler of Vepin {*Slow rF+ rC++} (You bought it in a shop on level 2 of the Orcish Mines)
 28824 | Orc:2    | Found Ockaxywk's Book Emporium.
 28826 | Orc:2    | Reached ****** piety under Ashenzari
 29395 | Shoals:1 | Entered Level 1 of the Shoals
 29789 | Shoals:1 | Noticed Roxanne
 29993 | Shoals:1 | Noticed Donald
 30014 | Shoals:1 | Killed Donald
 30473 | Shoals:2 | Learned a level 5 spell: Silence
 30752 | Shoals:2 | Noticed Polyphemus
 30761 | Shoals:2 | Killed Polyphemus
 30857 | Shoals:2 | Learned a level 2 spell: Blink
 31089 | Shoals:3 | Identified the ring of Scepticism {+Fly rPois Int+2 Dex+4}
 31098 | Shoals:3 | Identified the +1 scale mail of Loss {MR+} (You found it on level 5 of the Lair of Beasts)
 31098 | Shoals:3 | Identified the cursed +0 halberd of Iwen {flame, rF- rC+ Dex+4} (You found it on level 5 of the Lair of Beasts)
 31151 | Shoals:3 | Identified the ring of Pamal {rElec rPois rF++ Slay-2}
 31188 | Shoals:3 | Noticed Louise
 31210 | Shoals:3 | Killed Louise
 31477 | Shoals:3 | Identified Itwicw's Collected Works on Attacks and Air
 31541 | Shoals:3 | Reached XP level 17. HP: 85/85 MP: 29/31
 31894 | Shoals:3 | Reached skill level 10 in Earth Magic
 31971 | Shoals:4 | Entered Level 4 of the Shoals
 32171 | Shoals:4 | Noticed RoseArtemis's ghost (adept MiFi)
 32406 | Shoals:4 | Killed RoseArtemis's ghost
 32588 | Shoals:4 | Reached skill level 10 in Spellcasting
 33213 | Shoals:4 | Noticed Ilsuiw
 33232 | Shoals:4 | Killed Ilsuiw
 33249 | Shoals:4 | Reached skill level 1 in Air Magic
 33326 | Shoals:4 | Got a barnacled rune of Zot
 34474 | Lair:6   | Reached skill level 1 in Translocations
 34494 | Lair:5   | Reached skill level 5 in Air Magic
 35202 | Vaults:1 | Entered Level 1 of the Vaults
 35250 | Vaults:1 | Reached XP level 18. HP: 90/90 MP: 33/33
 35456 | Vaults:1 | Reached skill level 13 in Stealth
 37710 | Vaults:2 | Reached skill level 14 in Stealth
 38251 | Vaults:2 | Reached XP level 19. HP: 95/95 MP: 27/34
 38817 | Vaults:2 | Reached skill level 15 in Stealth
 39488 | Vaults:3 | Reached skill level 10 in Fighting
 39968 | Vaults:3 | Reached skill level 16 in Stealth
 40006 | Vaults:3 | Found a staircase to the Crypt.
 40231 | Vaults:3 | Identified the +2 leather armour "Ereixt Eklue" {Int+2}
 40741 | Vaults:3 | Noticed a lich
 40744 | Vaults:3 | Killed a lich
 41121 | Vaults:3 | Reached skill level 17 in Stealth
 41661 | Vaults:4 | Reached XP level 20. HP: 80/105 MP: 18/35
 41689 | Vaults:4 | Identified the +7 arbalest of Beyond {venom, rElec rF+ Int+4}
 42188 | Vaults:4 | Identified the +9 war axe of Ointment {flame, Int+2}
 42384 | Vaults:4 | Noticed Aizul
 42586 | Vaults:4 | Noticed Xtahua
 42929 | Vaults:4 | Found Fafi's Jewellery Emporium.
 42937 | Vaults:4 | Bought the amulet "Jeaddi Coit" {RegenMP Slay+6} for 995 gold pieces
 43062 | Vaults:4 | Killed Xtahua
 43089 | Vaults:4 | Killed Aizul
 43687 | Snake:1  | Entered Level 1 of the Snake Pit
 44524 | Elf:1    | Entered Level 1 of the Elven Halls
 44682 | Elf:1    | Reached skill level 5 in Shields
 45035 | Elf:1    | Noticed Nikola
 45036 | Elf:1    | Killed Nikola
 45369 | Elf:1    | Reached XP level 21. HP: 116/116 MP: 36/36
 46172 | Elf:2    | Found a radiant altar of Vehumet.
 46349 | Elf:2    | Found Lacuocol's Jewellery Shop.
 46349 | Elf:2    | Found Ifaecewa's Gadget Emporium.
 46350 | Elf:2    | Found Tadaziemm's Gadget Emporium.
 46464 | Elf:2    | Found a huge runed gate.
 46464 | Elf:2    | Found a huge runed gate.
 46464 | Elf:2    | Found a huge runed gate.
 46465 | Elf:2    | Found a huge runed gate.
 46471 | Elf:2    | Found a huge runed gate.
 46716 | Elf:2    | Reached skill level 15 in Fighting
 46813 | Elf:2    | Noticed Fingolfin's ghost (adept FoFi)
 46841 | Elf:2    | Killed Fingolfin's ghost
 47348 | Elf:3    | Entered Level 3 of the Elven Halls
 47503 | Elf:3    | Identified the +5 glaive of Karma {speed, rElec rF+ rC- rN+}
 48067 | Elf:3    | Reached skill level 10 in Shields
 48742 | Elf:3    | Identified the +4 flail "Goblinslayer" {freeze, rN+ Int+3} (You took it off a deep elf demonologist on level 3 of the Elven Halls)
 48993 | Elf:3    | Identified the +8 great sword "Osuqa" {flame, *Slow +Blink rPois Dex+3} (You took it off a deep elf death mage on level 3 of the Elven Halls)
 49122 | Elf:3    | Identified the +1 robe of Qureg {rF+++ rN+ Regen+ Dex-5} (You took it off a deep elf sorcerer on level 3 of the Elven Halls)
 49122 | Elf:3    | Identified the +6 morningstar "Jellybane" {crush, Str-5 Int+8} (You took it off a deep elf sorcerer on level 3 of the Elven Halls)
 49126 | Elf:3    | Identified the cursed +3 scimitar of the Evil Eye {slice, rF+ rC+} (You took it off a deep elf sorcerer on level 3 of the Elven Halls)
 49354 | Elf:3    | Identified the +1 robe of the Doldrums {rF+ Slay+2} (You took it off a deep elf elementalist on level 3 of the Elven Halls)
 49362 | Elf:3    | Reached XP level 22. HP: 122/122 MP: 37/37
 49549 | Elf:3    | Identified Thaumaturgy, Part One
 49582 | Elf:3    | Found the -2 hat of the Alchemist {rElec rPois rF+ rC+ rN+ MR+ rMut rCorr}
 49606 | Elf:3    | Learned a level 1 spell: Apportation
 49613 | Elf:3    | Learned a level 6 spell: Deflect Missiles
 49623 | Elf:3    | Learned a level 9 spell: Tornado
 50134 | D:15     | Reached skill level 10 in Air Magic
 50166 | D:15     | Identified the +0 robe of the Thinker {rF+ Int+3} (You took it off a skeletal warrior on level 15 of the Dungeon)
 50211 | D:15     | Found an iron altar of Okawaru.
 50339 | Depths:1 | Entered Level 1 of the Depths
 50826 | Depths:1 | Found a gateway to Hell.
 50947 | Depths:1 | Found a glowing golden altar of the Shining One.
 51091 | Depths:2 | Identified the cursed +0 hat "Rost" {rF- SInv Stlth+} (You found it on level 6 of the Lair of Beasts)
 51091 | Depths:2 | Identified the -2 pair of boots "Geal" {rF+ rCorr Int-5} (You found it on level 4 of the Vaults)
 51203 | Depths:2 | Found a one-way gate to the infinite horrors of the Abyss.
 51329 | Depths:2 | Found a gateway to a ziggurat.
 53141 | Depths:2 | Reached XP level 23. HP: 109/126 MP: 36/40
 53195 | Depths:2 | Noticed a caustic shrike
 53196 | Depths:2 | Noticed a caustic shrike
 53202 | Depths:2 | Noticed a caustic shrike
 53206 | Depths:2 | Killed a caustic shrike
 53217 | Depths:2 | Killed a caustic shrike
 53227 | Depths:2 | Killed a caustic shrike
 53244 | Depths:2 | Noticed a caustic shrike
 53246 | Depths:2 | Noticed a golden dragon
 53380 | Depths:2 | Killed a caustic shrike
 53443 | Depths:2 | Killed a golden dragon
 53560 | Depths:2 | Identified the ring of the Devil {rPois Str+6 Int+7 Slay-2} (You took it off a frost giant on level 2 of the Depths)
 53574 | Depths:2 | Noticed a caustic shrike
 53623 | Depths:2 | Killed a caustic shrike
 53972 | Depths:3 | Found Gakouro's Assorted Antiques.
 54236 | Depths:3 | Found a one-way gate leading to the halls of Pandemonium.
 54392 | Depths:3 | Reached skill level 15 in Dodging
 54433 | Depths:3 | Identified a scroll of acquirement
 55094 | Depths:4 | Reached XP level 24. HP: 95/131 MP: 41/41
 55638 | Depths:4 | Found a deep blue altar of Sif Muna.
 55664 | Depths:4 | Found the cursed +0 pair of fencer's gloves {+Riposte Dex+3}
 55923 | Depths:5 | Entered Level 5 of the Depths
 55923 | Depths:5 | Noticed a caustic shrike
 55930 | Depths:5 | Noticed a caustic shrike
 55932 | Depths:5 | Noticed a caustic shrike
 55942 | Depths:5 | Killed a caustic shrike
 55955 | Depths:4 | Mangled by a caustic shrike
